 Dungeon Crawl Stone Soup version 0.30-a0-475-g03497ec522 (console) character file.

Game seed: 10283007565432333423

110 jejorda2 the Poker (level 4, -1/37 HPs)
             Began as a Merfolk Berserker on Dec 21, 2022.
             Was a Follower of Trog.
             Killed by nerve-wracking pain
             ... invoked by Grinder
              (14 damage)
             ... on level 3 of the Dungeon.
             The game lasted 00:03:57 (2280 turns).

jejorda2 the Poker (Merfolk Berserker)              Turns: 2280, Time: 00:03:57

Health: -1/37      AC: 13    Str: 14 (17) XL:     4   Next: 91%
Magic:  4/4        EV:  4    Int:  5 (6)  God:    Trog [*.....]
Gold:   119        SH:  0    Dex: 14 (15) Spells: 3/3 levels left

rFire   . . .      SeeInvis .    a - +0 trident
rCold   . . .      Faith    .    (no shield)
rNeg    . . .      Spirit   .    m - +0 plate armour
rPois   .          Reflect  .    (no helmet)
rElec   .          Harm     .    r - +2 cloak
rCorr   .          Rampage  .    (no gloves)
Will    .....                    (no boots)
Stlth   ..........               (no amulet)
HPRegen 0.26/turn                (no ring)
MPRegen 0.09/turn                (no ring)

@: on berserk cooldown, attractive
A: (nimble swimmer 2), mertail
a: Renounce Religion, Berserk


You were on level 3 of the Dungeon.
You worshipped Trog.
Trog was aware of your devotion.
You visited 1 branch of the dungeon, and saw 3 of its levels.

You collected 119 gold pieces.

Inventory:

Hand Weapons
 a - a +0 trident (weapon)
Missiles
 c - 6 javelins (quivered)
 e - 30 stones
Armour
 m - a +0 plate armour (worn)
 r - a +2 cloak (worn)
Scrolls
 h - a scroll of noise {unknown}
 i - 2 scrolls of amnesia {unknown}
 j - a scroll of enchant weapon {unknown}
 k - a scroll of magic mapping {unknown}
 l - a scroll of identify {unknown}
 o - a scroll of blinking {unknown}
 s - a scroll of fear {unknown}
Potions
 b - a potion of curing
 n - a potion of mutation {unknown}
 p - a potion of attraction
 q - a potion of invisibility {unknown}


   Skills:
 + Level 4.1 Fighting
 * Level 5.8 Polearms
 - Level 1.3 Armour
 + Level 3.9 Dodging


You had 3 spell levels left.
You didn't know any spells.
Your spell library was empty.

Dungeon Overview and Level Annotations

Branches:
Dungeon (3/15)

Altars:

Annotations:
D:3 Grinder


Innate Abilities, Weirdness & Mutations

((You are very nimble when in or above water. (Stealth+, EV+, Speed+++)))
Your lower body shifts to a powerful aquatic tail in water.


Message History

Press: ? - help, Q - select action, (/) - cycle Shift-Dir - straight line, f/p - Grinder
Aim: Grinder (lightly wounded, 57% to hit)
You throw a javelin. The javelin barely misses Grinder.
Grinder hits you but does no damage. Grinder barely misses you.
It was a potion of curing.
You feel better. Grinder hits you but does no damage.
Grinder blinks!
It was a potion of attraction.
You feel attractive to monsters. Grinder is attracted toward you.
It was a potion of degeneration.
There was something very wrong with that liquid.
You feel weakened.
You feel dopey.
You feel clumsy. Grinder gestures at you.
You suddenly lose the ability to move!
Grinder hits you!
* * * LOW HITPOINT WARNING * * *
You writhe in agony.
* * * LOW HITPOINT WARNING * * *
Grinder hits you but does no damage. x2
You can move again.
It was a potion of magic.
Magic courses through your body.
Grinder grins, showing sharp teeth.
Grinder hits you but does no damage.
It was a potion of heal wounds.
You feel much better. Grinder hits you but does no damage. Grinder hits you.
You writhe in agony.
Throw: 8 javelins
Press: ? - help, Q - select action, (/) - cycle Shift-Dir - straight line, f/p - Grinder
Aim: Grinder (lightly wounded, 57% to hit)
You throw a javelin. The javelin barely misses Grinder.
Grinder hits you but does no damage. Grinder gestures at you.
Pain shoots through your body!
Throw: 7 javelins
Press: ? - help, Q - select action, (/) - cycle Shift-Dir - straight line, f/p - Grinder
Aim: Grinder (lightly wounded, 57% to hit)
You throw a javelin. The javelin barely misses Grinder.
You feel yourself speed up. Grinder hits you.
You writhe in agony.
Grinder gestures at you. Pain shoots through your body!
You die...

############
#..........#
#.########.# #)# #.# #)#
#.# #####[##### #.######
#....5....# #......#
#....@...(#########.#
......................>#
####.........#########.#
#.........# #.#
.......!...# #.##
............# #...
............# #.##
###.........# #.#
#########.##


You could see Grinder.

Vanquished Creatures
  Crazy Yiuf (D:2)
  Terence (D:2)
  2 adders (D:2)
  A worm (D:3)
  A dart slug (D:1)
  2 endoplasms
  2 goblins (D:2)
  A hobgoblin (D:3)
  4 jackals (D:2)
  6 kobolds
  2 quokkas (D:2)
  5 ball pythons (D:1)
  4 bats
  2 frilled lizards
  2 rats
36 creatures vanquished.

Notes
Turn   | Place    | Note
-------+----------+-------------------------------------------
     0 | D:1      | jejorda2 the Merfolk Berserker began the quest for the Orb.
     0 | D:1      | Reached XP level 1. HP: 18/18 MP: 1/1
   206 | D:1      | Reached XP level 2. HP: 24/24 MP: 2/2
   683 | D:1      | Found a faded altar of an unknown god.
  1169 | D:2      | Reached XP level 3. HP: 30/30 MP: 3/3
  1170 | D:2      | Reached skill level 5 in Polearms
  1290 | D:2      | Found a runed translucent door.
  1291 | D:2      | Noticed Crazy Yiuf
  1302 | D:2      | Killed Crazy Yiuf
  1303 | D:2      | Reached XP level 4. HP: 31/37 MP: 4/4
  1754 | D:2      | Noticed Terence
  1760 | D:2      | Killed Terence
  2246 | D:3      | Noticed Grinder
  2274 | D:3      | Paralysed by Grinder for 3 turns
  2280 | D:3      | Killed from afar by Grinder

Illustrated notes

Levels and vault maps discovered:
D:1:      elethiomel_arrival_quiet, layout_basic,
          shapermc_ecumenical_altar_hornbeckon, chequers_garden,
          chequers_mini_garden
D:2:      layout_basic, uniq_crazy_yiuf_cottage, uniq_terence
D:3:      layout_basic, uniq_grinder

Skill      XL: |  1  2  3  4 |
---------------+-------------+-----
Dodging        | 3 |  3.9
Polearms       | 5 |  5.8
Fighting       | 4 |  4.1
Armour         | |  1.3

Action                   |  1- 3 |  4- 6 || total
-------------------------+-------+-------++-------
Melee: Spear             |    71 |     2 ||    73
       Trident           |       |    48 ||    48
Throw: Javelin           |       |     4 ||     4
Invok: Berserk           |     2 |     2 ||     4
  Use: Potion            |       |     5 ||     5
Armor: Ring mail         |    10 |       ||    10
       Animal skin       |     3 |       ||     3
       Plate armour      |     7 |    33 ||    40
Dodge: Dodged            |    24 |    14 ||    38

Table legend: (Time is in decaauts)
 A = Elapsed time spent in this place.
 B = Non-inter-level travel time spent in this place.
 C = Inter-level travel time spent in this place.
 D = Time resting spent in this place.
 E = Time spent auto-exploring this place.
 F = Levels seen in this place.
 G = Mean time per level.
                   A        B        C        D        E       F      G
               +--------+--------+--------+--------+--------+-----+--------+
         Total |   2306 |   2230 |     76 |    172 |   1723 |   3 |  768.7 |
       Dungeon |   2306 |   2230 |     76 |    172 |   1723 |   3 |  768.7 |
               +--------+--------+--------+--------+--------+-----+--------+

Top non-repeatable levels by time:
     D:2: 1223 daAuts
     D:1: 960 daAuts
     D:3: 123 daAuts
